 Dungeon Crawl Stone Soup version 0.22.1-2-g9c5b331 (webtiles) character file.

6011 nicolaieve the Basher (level 10, -7/92 HPs)
             Began as a Minotaur Berserker on Nov 23, 2018.
             Was a High Priest of Trog.
             Shot with an arrow by a tengu warrior (13 damage)
             ... on level 10 of the Dungeon.
             The game lasted 00:40:05 (7533 turns).

nicolaieve the Basher (Minotaur Berserker)          Turns: 7533, Time: 00:40:05

Health: -7/92      AC: 15    Str: 22    XL:     10   Next: 56%
Magic:  9/9        EV: 14    Int:  4    God:    Trog [*****.]
Gold:   348        SH:  5    Dex: 18    Spells: 9/9 levels left

rFire    . . .     SeeInvis .   A - +2 whip (freeze)
rCold    . . .     Gourm    .   n - +0 buckler
rNeg     . . .     Faith    .   H - +0 chain mail
rPois    .         Spirit   .   (helmet restricted)
rElec    .         Reflect  .   d - +1 cloak
rCorr    .         Harm     .   (no gloves)
MR       .....                  I - +0 pair of boots
Stlth    ..........             (no amulet)
HPRegen  0.25/turn              (no ring)
MPRegen  0.11/turn              (no ring)

@: agile, very slightly contaminated
A: retaliatory headbutt, horns 2
a: Berserk, Trog's Hand, Brothers in Arms, Renounce Religion


You were on level 10 of the Dungeon.
You worshipped Trog.
Trog was extremely pleased with you.
You were near starving.

You visited 1 branch of the dungeon, and saw 10 of its levels.
You also visited: Sewer and Ossuary.

You collected 558 gold pieces.
You spent 210 gold pieces at shops.

Inventory:

Hand Weapons
 m - a +1 flail of holy wrath
 s - a +0 morningstar
 z - a +0 hunting sling
 A - a +2 whip of freezing (weapon)
 D - a +0 whip of electrocution
 E - a +0 flail of protection
 K - a +2 flail
Missiles
 f - 387 stones (quivered)
 G - 70 sling bullets
Armour
 d - a +1 cloak (worn)
 n - a +0 buckler (worn)
 H - a +0 chain mail (worn)
 I - a +0 pair of boots (worn)
Wands
 r - a wand of digging (21)
 F - a wand of iceblast (18)
 J - a wand of acid (10)
Scrolls
 e - 4 scrolls of identify
 g - 6 scrolls of remove curse {unknown}
 i - 4 scrolls of enchant armour
 l - a scroll of enchant weapon
 q - 4 scrolls of immolation
 t - 7 scrolls of teleportation {unknown}
 u - a scroll of fear
 y - 3 scrolls of magic mapping
 C - 4 scrolls of fog
Potions
 b - 4 potions of flight
 j - a potion of brilliance
 k - 2 potions of haste
 o - 5 potions of ambrosia
 p - 4 potions of curing
 w - 5 potions of might
 B - 2 potions of invisibility
Comestibles
 c - 13 rations


   Skills:
 + Level 9.7 Fighting
 - Level 12.4 Maces & Flails
 + Level 10.9 Armour
 - Level 2.1 Dodging
 - Level 4.0 Shields


You had 9 spell levels left.
You didn't know any spells.
Your spell library was empty.

Dungeon Overview and Level Annotations

Branches:
Dungeon (10/15)            Temple (0/1) D:7            Lair (0/6) D:9
    Orc: D:9-12

Altars:
Ashenzari
Cheibriados
Dithmenos
Elyvilon
Kikubaaqudgha
Nemelex Xobeh
Ru
Uskayaw

Shops:
D:5 [(*=   D:7 *

Annotations:
D:7 2 transporters, trianova's ghost, novice VSEn


Innate Abilities, Weirdness & Mutations

You reflexively headbutt those who attack you in melee.
You have a pair of horns on your head.


Message History

You feel agile all of a sudden.
The tengu warrior unwields an uncursed war axe.
The tengu warrior wields a glowing longbow.
It is covered in frost.
The tengu warrior shoots an arrow.
The arrow hits you but does no damage.
The tengu warrior shoots an arrow.
The arrow hits you. The arrow freezes you.
* * * LOW HITPOINT WARNING * * *
You see here an arrow.
The tengu warrior hits you with a dire flail!
* * * LOW HITPOINT WARNING * * *
The tengu warrior pecks you but does no damage.
The tengu warrior claws you but does no damage.
The tengu warrior shoots an arrow.
The arrow hits you!
* * * LOW HITPOINT WARNING * * *
The arrow freezes you.
* * * LOW HITPOINT WARNING * * *
You see here an arrow.
Found a stone staircase leading down.
The tengu warrior shoots an arrow.
The arrow hits you!
You die...

...............
#..............
#......<).....#
#......s.####.#
#......(.#
#.Q......#
#.....Q(.#
#......O.#
#......@.#
#........#
#........#
#........#
#........#
#.####...# ..
#..># #...#


You could see 2 tengu warriors, a two-headed ogre and a scorpion.

Vanquished Creatures
  Pikel (D:6)
  A manticore (D:9)
  A cyclops (D:9)
  A hornet (D:9)
  The ghost of Talos the Bolt Thrower, an amateur MiHu (D:3)
  Prince Ribbit (D:6)
  Grinder (D:3)
  A hippogriff (D:7)
  Duvessa (D:6)
  2 orc warriors
  A black bear (D:8)
  2 sky beasts
  4 slaves (D:6)
  A necrophage (D:8)
  4 ogres
  A phantom (D:9)
  5 centaurs
  An elf zombie (Ossuary)
  2 big kobolds
  A wyvern skeleton (D:8)
  2 scorpions
  Dowan (D:6)
  6 killer bees (D:7)
  5 wights (D:8)
  3 howler monkeys (D:8)
  2 crimson imps
  2 centaur zombies
  A bullfrog skeleton (D:7)
  2 hounds
  A human zombie (Ossuary)
  Crazy Yiuf (D:2)
  3 orc priests
  A gnoll shaman (D:7)
  7 orc wizards
  A centaur skeleton (D:8)
  3 iguanas
  9 worker ants
  A killer bee zombie (D:7)
  4 mummies (Ossuary)
  Robin (D:4)
  5 gnolls (D:7)
  7 adders
  4 river rats
  3 shadow imps
  3 adder skeletons
  3 adder zombies (Ossuary)
  3 worms
  A dart slug (D:1)
  4 leopard geckos
  40 orcs
  5 ball pythons
  6 giant cockroaches
  A gnoll zombie (Ossuary)
  9 goblins
  8 hobgoblins
  29 kobolds
  4 quokkas
  6 bats
  11 frilled lizards
  A giant cockroach zombie (D:6)
  2 hobgoblin zombies (Ossuary)
  2 jackal zombies (Ossuary)
  A leopard gecko skeleton (D:3)
  An orc zombie (Ossuary)
  A quokka skeleton (D:7)
  8 rats
  A rat zombie (Ossuary)
  A plant (D:4)
259 creatures vanquished.

Vanquished Creatures (others)
  A quokka (D:3)
1 creature vanquished.

Grand Total: 260 creatures vanquished

Notes
Turn   | Place    | Note
-------+----------+-------------------------------------------
     0 | D:1      | nicolaieve the Minotaur Berserker began the quest for the
                  | Orb.
     0 | D:1      | Reached XP level 1. HP: 19/19 MP: 0/0
   264 | D:1      | Reached skill level 4 in Maces & Flails
   335 | D:1      | Reached XP level 2. HP: 26/26 MP: 1/1
  1112 | D:2      | Reached skill level 5 in Maces & Flails
  1146 | D:2      | Reached XP level 3. HP: 25/31 MP: 2/2
  1287 | D:2      | Found a runed door.
  1660 | D:2      | Noticed Crazy Yiuf
  1665 | D:2      | Killed Crazy Yiuf
  1665 | D:2      | Reached ** piety under Trog
  1749 | D:3      | Reached skill level 6 in Maces & Flails
  1749 | D:3      | Reached XP level 4. HP: 30/39 MP: 3/3
  1856 | D:3      | Found a white marble altar of Elyvilon.
  1906 | D:3      | Found a hide-covered altar of Uskayaw.
  1909 | D:3      | Found a sparkling altar of Nemelex Xobeh.
  1909 | D:3      | Found an ancient bone altar of Kikubaaqudgha.
  2055 | D:3      | Found a runed door.
  2056 | D:3      | Noticed Talos's ghost (amateur MiHu)
  2141 | D:3      | Found a snail-covered altar of Cheibriados.
  2145 | D:3      | Found a shattered altar of Ashenzari.
  2272 | D:3      | Noticed Grinder
  2274 | D:3      | Paralysed by Grinder for 5 turns
  2285 | D:3      | Killed Grinder
  2285 | D:3      | Reached skill level 8 in Maces & Flails
  2285 | D:3      | Reached skill level 1 in Shields
  2285 | D:3      | Reached XP level 5. HP: 40/45 MP: 4/4
  2285 | D:3      | Reached XP level 6. HP: 45/51 MP: 5/5
  2425 | D:3      | Killed Talos's ghost
  2425 | D:3      | Reached skill level 9 in Maces & Flails
  2541 | D:4      | Reached XP level 7. HP: 40/57 MP: 6/6
  2554 | D:4      | Found a glowing drain.
  2570 | Sewer    | Entered a sewer
  2968 | D:4      | Noticed Robin
  2982 | D:4      | Reached *** piety under Trog
  2986 | D:4      | Killed Robin
  3119 | D:4      | Reached skill level 10 in Maces & Flails
  3128 | D:4      | Found a sand-covered staircase.
  3137 | Ossuary  | Entered an ossuary
  3616 | D:4      | Received a gift from Trog
  3631 | D:4      | Reached skill level 11 in Maces & Flails
  3631 | D:4      | Reached XP level 8. HP: 66/66 MP: 7/7
  3937 | D:4      | Found a shadowy altar of Dithmenos.
  4148 | D:5      | Entered Level 5 of the Dungeon
  4206 | D:5      | Found Atsemuz's Jewellery Shop.
  4426 | D:5      | Found Wisoer's Antique Armour Shop.
  4536 | D:5      | Found Zoruwkiu's Weapon Shop.
  4541 | D:5      | Found Kasuxt's Assorted Antiques.
  4550 | D:5      | Reached **** piety under Trog
  4562 | D:5      | Bought a scroll of identify for 48 gold pieces
  4562 | D:5      | Bought a scroll of identify for 48 gold pieces
  4562 | D:5      | Bought a scroll labeled ELEOW VOGU for 24 gold pieces
  4824 | D:6      | Noticed Pikel
  4850 | D:6      | Killed Pikel
  4850 | D:6      | Reached skill level 12 in Maces & Flails
  4959 | D:6      | Reached skill level 5 in Fighting
  4959 | D:6      | Reached XP level 9. HP: 43/74 MP: 8/8
  5018 | D:6      | Noticed Prince Ribbit
  5036 | D:6      | Killed Prince Ribbit
  5036 | D:6      | Reached skill level 5 in Armour
  5390 | D:6      | Noticed Dowan
  5391 | D:6      | Noticed Duvessa
  5398 | D:6      | Killed Dowan
  5403 | D:6      | Killed Duvessa
  5659 | D:7      | Found a transporter.
  5659 | D:7      | Found a transporter.
  5659 | D:7      | Noticed trianova's ghost (novice VSEn)
  5792 | D:7      | Noticed a two-headed ogre
  6295 | D:7      | Found Itezuesu's Assorted Antiques.
  6323 | D:7      | Bought 2 scrolls of identify for 72 gold pieces
  6323 | D:7      | Bought a scroll labeled WAECRU RIDUH for 18 gold pieces
  6487 | D:7      | Found a staircase to the Ecumenical Temple.
  6743 | D:8      | Reached XP level 10. HP: 85/88 MP: 9/9
  6759 | D:8      | Received a gift from Trog
  7026 | D:8      | Reached ***** piety under Trog
  7094 | D:8      | Reached skill level 10 in Armour
  7257 | D:9      | Found a staircase to the Lair.
  7308 | D:9      | Noticed a cyclops
  7323 | D:9      | Killed a cyclops
  7352 | D:9      | Noticed a manticore
  7370 | D:9      | Killed a manticore
  7448 | D:9      | Found a sacrificial altar of Ru.
  7449 | D:9      | Noticed a white ugly thing
  7526 | D:10     | Entered Level 10 of the Dungeon
  7526 | D:10     | Noticed a two-headed ogre
  7526 | D:10     | Noticed a tengu warrior
  7526 | D:10     | Noticed a tengu warrior
  7533 | D:10     | Shot with an arrow by a tengu warrior

Skill      XL: |  1  2  3  4  5  6  7  8  9 10 |
---------------+-------------------------------+-----
Maces & Flails | 4 5 6 8 9 11 12 | 12.4
Shields        | 1 2 3 4 |  4.0
Armour         | 4 9 10 | 10.9
Fighting       | 5 8 9 |  9.7
Dodging        | |  2.1

Action                   |  1- 3 |  4- 6 |  7- 9 | 10-12 || total
-------------------------+-------+-------+-------+-------++-------
Melee: Mace              |    60 |    50 |   270 |       ||   380
       Headbutt          |     5 |     9 |    91 |    30 ||   135
       Whip              |       |       |   207 |   179 ||   386
Invok: Berserk           |       |     2 |     6 |     3 ||    11
       Trog's Hand       |       |       |     8 |       ||     8
  Use: Scroll            |       |     1 |    14 |     4 ||    19
       Potion            |       |       |     7 |     3 ||    10
  Eat: Chunk             |     3 |     2 |    15 |     4 ||    24
       Ration            |       |     1 |     2 |       ||     3
Armor: Ring mail         |    18 |     7 |    74 |       ||    99
       Animal skin       |     2 |       |       |       ||     2
       Scale mail        |       |       |    63 |       ||    63
       Chain mail        |       |       |    13 |    61 ||    74
       Skin              |       |       |       |     2 ||     2
Dodge: Dodged            |    44 |    18 |   232 |    37 ||   331
Block: Buckler           |    10 |     6 |    87 |    29 ||   132
